 Dungeon Crawl Stone Soup version 0.21.1-1-g345015f (webtiles) character file.

2970 RudyRod the Covert (level 9, -5/80 HPs)
             Began as a Naga Ice Elementalist on May 18, 2018.
             Was a Follower of Vehumet.
             Slain by a two-headed ogre
             ... wielding a +0 giant spiked club
              (12 damage)
             ... on level 8 of the Dungeon.
             The game lasted 00:44:13 (10109 turns).

RudyRod the Covert (Naga Ice Elementalist)         Turns: 10109, Time: 00:44:14

Health: -5/80      AC:  9    Str: 10    XL:     9   Next: 82%
Magic:  0/28       EV: 10    Int: 19    God:    Vehumet [*.....]
Gold:   456        SH:  0    Dex: 12    Spells: 18/21 levels left

rFire    . . .     SeeInvis +   q - +3 dagger (speed)
rCold    + . .     Gourm    .   (no shield)
rNeg     . . .     Faith    .   j - +0 leather armour {rC+}
rPois    +         Spirit   +   k - +2 helmet
rElec    .         Reflect  .   (no cloak)
rCorr    +         Harm     .   d - +0 pair of gloves
MR       +....                  (no barding)
Stlth    ++++......             g - amulet of guardian spirit
HPRegen  0.23/turn              G - ring of magical power
MPRegen  0.21/turn              L - ring of resist corrosion

@: very slow
A: large, see invisible, deformed body, poison resistance, robust 1, screaming
1, slowness 2, slow metabolism 1, spit poison 1, AC +3
a: Spit Poison, Renounce Religion


You were on level 8 of the Dungeon.
You worshipped Vehumet.
Vehumet was aware of your devotion.
You were not hungry.

You visited 2 branches of the dungeon, and saw 9 of its levels.

You collected 456 gold pieces.

Inventory:

Hand Weapons
 q - a +3 dagger of speed (weapon)
 C - a +0 vampiric spear
 F - a +1 dagger of speed
Missiles
 f - 8 tomahawks
 i - 10 javelins (quivered)
Armour
 a - a +0 robe
 d - a +0 pair of gloves (worn)
 j - a +0 leather armour of cold resistance (worn)
 k - a +2 helmet (worn)
 y - a +0 ring mail
 D - a +0 scale mail of magic resistance
 H - a +1 hat
 K - a +2 robe of magic resistance
Jewellery
 g - an amulet of guardian spirit (around neck)
 p - an uncursed amulet of rage
 G - a ring of magical power (left hand)
 L - a ring of resist corrosion (right hand)
Wands
 l - a wand of polymorph (18)
 A - a wand of iceblast (7)
 I - a wand of flame (29)
Scrolls
 e - a scroll of fog {unknown}
 h - 3 scrolls of enchant weapon
 n - 5 scrolls of identify
 o - 7 scrolls of remove curse
 r - 2 scrolls of teleportation
 u - 3 scrolls of amnesia {unknown}
 v - 6 scrolls of immolation {unknown}
 z - a scroll of magic mapping {unknown}
 B - 2 scrolls of fear {unknown}
 E - 2 scrolls of random uselessness {unknown}
Potions
 m - a potion of haste
 s - a potion of magic
 w - 2 potions of flight
 J - a potion of curing
Books
 b - a book of Frost

   Spells                             Type                      Level
   a - Freeze                         Ice                          1
   b - Throw Frost                    Conjuration/Ice              2
   c - Ozocubu's Armour               Charms/Ice                   3
   d - Throw Icicle                   Conjuration/Ice              4
   e - Summon Ice Beast               Ice/Summoning                4
Comestibles
 c - 2 rations
 t - 3 chunks of flesh


   Skills:
 + Level 1.9 Fighting
 + Level 2.3 Short Blades
 + Level 0.4 Throwing
 + Level 2.7 Armour
 + Level 2.8 Dodging
 * Level 9.6 Stealth
 + Level 1.0 Unarmed Combat
 + Level 6.7 Spellcasting
 + Level 2.3 Conjurations
 + Level 7.6 Ice Magic


You had 18 spell levels left.
You knew the following spells:

 Your Spells              Type           Power        Failure   Level  Hunger
a - Freeze                Ice            ####         1%          1    None
b - Throw Frost           Conj/Ice       ####..       2%          2    None


Dungeon Overview and Level Annotations

Branches:
Dungeon (8/15)             Temple (1/1) D:6
   Lair: D:8-11

Altars:
Ashenzari
Cheibriados
Dithmenos
Elyvilon
Fedhas
Gozag
Hepliaklqana
Kikubaaqudgha
Makhleb
Nemelex Xobeh
Okawaru
Qazlal
Ru
Sif Muna
Trog
Uskayaw
Vehumet
Wu Jian
Xom
Yredelemnul
Zin
The Shining One

Annotations:
D:3 2 transporters, kae's ghost, amateur DsTm


Innate Abilities, Weirdness & Mutations

You cannot wear boots.
Your serpentine skin is tough. (AC +3)
You have supernaturally acute eyesight. (SInv)
Armour fits poorly on your strangely shaped body.
Your system is resistant to poisons. (rPois)
You cover ground very slowly.
You have a slow metabolism.
You can spit poison.
You are robust. (+10% HP)
You occasionally shout uncontrollably at your foes.


Message History

The two-headed ogre looks more healthy.
The two-headed ogre closely misses you.
The two-headed ogre hits you with a giant club!
Casting: Freeze
Confirm with . or Enter, or press ? or * to list all spells.
Aiming: Freeze
Press: ? - help, Shift-Dir - straight line, f/p - two-headed ogre
Aim: a two-headed ogre, wielding a giant spiked club and a giant club (almost dead)
You freeze the two-headed ogre.
The two-headed ogre is almost dead.
Casting: Freeze
Confirm with . or Enter, or press ? or * to list all spells.
Aiming: Freeze
Press: ? - help, Shift-Dir - straight line, f/p - two-headed ogre
Aim: a two-headed ogre, wielding a giant spiked club and a giant club (almost dead)
You freeze the two-headed ogre.
The two-headed ogre is almost dead.
The two-headed ogre hits you with a giant spiked club!!
* * * LOW HITPOINT WARNING * * *
The two-headed ogre hits you with a giant club!
You die...

#######..................#
##8## #..........(.......#
8...8##..................#
.....##.>........#####...#
....._#..........# ###.#
.....##..........# #.#
8...8##..........# ##..#.#
#..........#...# #.#
#.........@Ol..#
#..........#...#
#.....(....####..#
#........).# .#
#..........# ............#
)............
..............


You could see a two-headed ogre and an iguana.

Vanquished Creatures
  A troll (D:8)
  A hungry ghost (D:8)
  Duvessa (D:7)
  A black bear (D:6)
  An orc warrior (D:6)
  5 ice beasts
  3 ogres
  A big kobold (D:6)
  2 bullfrogs (D:6)
  A gnoll sergeant (D:6)
  Dowan (D:7)
  4 scorpions
  A crimson imp (D:6)
  A quasit (D:8)
  2 jellies (D:2)
  3 hounds
  5 orc wizards
  A bullfrog skeleton (D:6)
  An orc priest (D:5)
  2 iguanas (D:4)
  7 worker ants
  A hound zombie (D:6)
  2 hound skeletons
  A mummy (D:5)
  15 gnolls
  8 adders
  A shadow imp (D:7)
  10 oozes (D:2)
  2 adder zombies
  2 adder skeletons
  A worm (D:5)
  A dart slug (D:1)
  4 leopard geckos
  16 orcs
  A ball python (D:1)
  6 bats
  7 giant cockroaches
  5 goblins
  13 hobgoblins
  15 jackals
  18 kobolds
  5 quokkas
  3 frilled lizards
  A jackal zombie (D:8)
  2 leopard gecko skeletons (D:5)
  A quokka skeleton (D:4)
  10 rats
  A butterfly (D:6)
  A fungus (D:2)
198 creatures vanquished.

Vanquished Creatures (others)
  8 fungi (D:2)
  5 toadstools (D:2)
13 creatures vanquished.

Grand Total: 211 creatures vanquished

Notes
Turn   | Place    | Note
-------+----------+-------------------------------------------
     0 | D:1      | RudyRod the Naga Ice Elementalist began the quest for the Orb.
     0 | D:1      | Reached XP level 1. HP: 15/15 MP: 3/3
   344 | D:1      | Reached XP level 2. HP: 21/22 MP: 3/5
   732 | D:1      | Reached XP level 3. HP: 28/28 MP: 4/6
  1096 | D:2      | Reached skill level 1 in Unarmed Combat
  1096 | D:2      | Reached XP level 4. HP: 36/36 MP: 4/8
  1319 | D:2      | Found an ancient bone altar of Kikubaaqudgha.
  1321 | D:2      | Found a blossoming altar of Fedhas.
  1369 | D:2      | Found a sacrificial altar of Ru.
  1406 | D:2      | Learned a level 2 spell: Throw Frost
  1632 | D:2      | Reached XP level 5. HP: 28/42 MP: 0/9
  1664 | D:2      | Reached skill level 1 in Armour
  1943 | D:2      | Found an iron altar of Okawaru.
  2038 | D:2      | Found a deep blue altar of Sif Muna.
  2326 | D:2      | Reached XP level 6. HP: 37/49 MP: 1/11
  2595 | D:3      | Found a transporter.
  2612 | D:3      | Found a transporter.
  2638 | D:3      | Found a stormy altar of Qazlal.
  2804 | D:3      | Noticed kae's ghost (amateur DsTm)
  3202 | D:4      | Reached skill level 4 in Stealth
  3393 | D:4      | Reached XP level 7. HP: 55/55 MP: 8/12
  3450 | D:4      | Reached skill level 5 in Ice Magic
  4375 | D:3      | Gained mutation: You occasionally shout uncontrollably at your foes. [potion of mutation]
  4375 | D:3      | Gained mutation: You are robust. (+10% HP) [potion of mutation]
  4564 | D:4      | Found a shattered altar of Ashenzari.
  4567 | D:4      | Found a hide-covered altar of Uskayaw.
  4567 | D:4      | Found a shadowy altar of Dithmenos.
  4587 | D:4      | Found a glowing golden altar of the Shining One.
  5086 | D:5      | Entered Level 5 of the Dungeon
  5102 | D:5      | Reached skill level 5 in Stealth
  5144 | D:5      | Found a snail-covered altar of Cheibriados.
  5264 | D:5      | Noticed a moth of wrath
  5267 | D:5      | Found a bloodstained altar of Trog.
  5464 | D:5      | Reached skill level 6 in Stealth
  5464 | D:5      | Reached XP level 8. HP: 68/69 MP: 11/15
  5607 | D:5      | Reached skill level 7 in Stealth
  5607 | D:5      | Reached skill level 5 in Spellcasting
  6105 | D:6      | Found a staircase to the Ecumenical Temple.
  6114 | Temple   | Entered the Ecumenical Temple
  6327 | Temple   | Became a worshipper of Vehumet
  6407 | D:6      | Reached skill level 1 in Short Blades
  6457 | D:6      | Reached skill level 1 in Fighting
  7024 | D:6      | Reached * piety under Vehumet
  7024 | D:6      | Offered knowledge of Sandblast by Vehumet.
  7161 | D:6      | Reached skill level 8 in Stealth
  7420 | D:6      | Reached XP level 9. HP: 68/77 MP: 15/17
  8289 | D:7      | Noticed Dowan
  8293 | D:7      | Noticed Duvessa
  8296 | D:7      | Killed Dowan
  8308 | D:7      | Killed Duvessa
  8639 | D:7      | Reached skill level 9 in Stealth
  9613 | D:8      | Noticed a troll
  9640 | D:8      | Killed a troll
 10071 | D:8      | Found an opulent altar of Gozag.
 10073 | D:8      | Found a snail-covered altar of Cheibriados.
 10098 | D:8      | Noticed a two-headed ogre
 10109 | D:8      | Slain by a two-headed ogre

Skill      XL: |  1  2  3  4  5  6  7  8  9 |
---------------+----------------------------+-----
Ice Magic      | 4 5 6 7 |  7.6
Unarmed Combat | 1 |  1.0
Armour         | 1 2 |  2.7
Spellcasting   | 3 4 5 6 |  6.7
Dodging        | 2 |  2.8
Stealth        | 4 6 8 9 |  9.6
Short Blades   | 1 2 |  2.3
Fighting       | 1 |  1.9
Conjurations   | 2 |  2.3
Throwing       | |  0.4

Action                   |  1- 3 |  4- 6 |  7- 9 || total
-------------------------+-------+-------+-------++-------
Melee: Unarmed           |    18 |       |       ||    18
       Dagger            |       |    36 |   264 ||   300
Throw: Javelin           |     3 |       |     7 ||    10
       Tomahawk          |       |       |     3 ||     3
 Cast: Freeze            |    23 |    78 |   193 ||   294
       Throw Frost       |       |    23 |    76 ||    99
 Abil: Spit Poison       |    13 |    23 |    30 ||    66
  Use: Potion            |       |     3 |     4 ||     7
       Scroll            |       |     5 |     4 ||     9
 Stab: Sleeping          |       |     1 |     5 ||     6
  Eat: Chunk             |     1 |     5 |    10 ||    16
       Ration            |       |     1 |     7 ||     8
Armor: Robe              |     6 |       |       ||     6
       Leather armour    |     3 |    31 |   162 ||   196
Dodge: Dodged            |    22 |    39 |   174 ||   235
